 Dungeon Crawl Stone Soup version 0.25.0-41-g26779e291d (webtiles) character file.

Game seed: 1569369796023800471

105 Ethylacetat the Firebug (level 4, -3/27 HPs)
             Began as an Octopode Fire Elementalist on July 10, 2020.
             Killed from afar by a dart slug (6 damage)
             ... with a slug dart
             ... on level 3 of the Dungeon.
             The game lasted 00:05:14 (3136 turns).

Ethylacetat the Firebug (OpFE)                      Turns: 3136, Time: 00:05:14

Health: -3/27      AC:  1    Str:  7    XL:     4   Next: 81%
Magic:  7/8        EV: 13    Int: 18    God:
Gold:   144        SH:  0    Dex: 12    Spells: 7/8 levels left

rFire    . . .     SeeInvis +   h - +2 short sword (venom)
rCold    . . .     Gourm    .   (no shield)
rNeg     . . .     Faith    .   (helmet restricted)
rPois    .         Spirit   .   (no amulet)
rElec    .         Reflect  .   e - ring of see invisible
rCorr    .         Harm     .   (no ring)
MR       .....                  (no ring)
Stlth    ++++......             (no ring)
HPRegen  0.09/turn              (no ring)
MPRegen  0.11/turn              (no ring)
                                (no ring)
                                (no ring)

@: mighty
A: almost no armour, stealthy swim, amphibious, 8 rings, constrict 8, camouflage
1, gelatinous body 1
a: no special abilities


You were on level 3 of the Dungeon.
You were not hungry.

You visited 1 branch of the dungeon, and saw 3 of its levels.

You collected 144 gold pieces.

Inventory:

Hand Weapons
 h - a +2 short sword of venom (weapon)
Missiles
 o - 6 curare-tipped darts (quivered)
Jewellery
 e - a ring of see invisible (left tentacle)
Wands
 m - a wand of polymorph (3)
 p - a wand of iceblast (6)
Scrolls
 a - a scroll of immolation {unknown}
 f - 3 scrolls of remove curse {unknown}
 g - a scroll of blinking {unknown}
 i - a scroll of identify {unknown}
 j - a scroll of fear {unknown}
 k - a scroll of fog {unknown}
 l - 3 scrolls of amnesia {unknown}
 n - a scroll of noise {unknown}
Potions
 c - a potion of might
 d - 2 potions of curing
Comestibles
 b - 5 rations


   Skills:
 - Level 2.0 Dodging
 - Level 2.6 Stealth
 + Level 2.7 Spellcasting
 * Level 2.8 Conjurations
 * Level 4.0 Fire Magic


You had 7 spell levels left.
You knew the following spells:

 Your Spells              Type           Power        Failure   Level  Hunger
a - Foxfire               Conj/Fire      ##..         4%          1    #......

Your spell library contained the following spells:

 Spells                   Type           Power        Failure   Level  Hunger
 Conjure Flame            Conj/Fire      ##......     12%         3    ###....
 Inner Flame              Hex/Fire       #.......     22%         3    ###....
 Sticky Flame             Conj/Fire      ##......     38%         4    #####..
 Fireball                 Conj/Fire      ##........   75%         5    ######.


Dungeon Overview and Level Annotations

Branches:
Dungeon (3/15)

Altars:
Yredelemnul


Innate Abilities, Weirdness & Mutations

You cannot wear most types of armour.
You are very stealthy in the water. (Stealth+)
You are amphibious.
You can wear up to eight rings at the same time.
You can use your tentacles to constrict eight enemies at once.
Your skin changes colour to match your surroundings (Stealth+).
Your rubbery body absorbs attacks. (AC +1, EV +1)


Message History

You miss the adder. Your grab misses the adder.
The adder is almost dead.
* * * LOW HITPOINT WARNING * * *
You feel sick. The adder barely misses you. The kobold hits you.
* * * LOW HITPOINT WARNING * * *
It was a potion of might.
You feel very mighty all of a sudden.
You kill the adder!
The kobold completely misses you.
It was a potion of curing.
You feel better.
The kobold splashes around in the water.
You hit the kobold.
You kill the kobold!
You hear a splash.
The dart slug launches a dart at you. The slug dart hits you.
* * * LOW HITPOINT WARNING * * *
The dart slug launches a dart at you. The slug dart hits you.
You die...

############
###≈.≈≈≈≈.≈.≈..
..≈≈≈...≈≈..≈≈
#.≈≈≈≈≈≈≈≈≈≈≈
#.≈≈≈≈≈≈≈≈≈≈≈
#..≈@≈≈≈≈≈≈≈≈.
#≈≈≈≈≈≈≈≈≈≈≈≈.
##≈.≈≈≈._≈≈≈≈≈.
#..≈≈≈≈♣..≈≈≈≈≈
#..≈≈≈≈≈≈≈≈≈≈..
#.#######...≈≈†≈w≈≈≈≈..
#.#.......≈≈≈≈g≈≈≈≈≈≈..
#.......##≈≈.≈...≈.≈.≈.
...%......≈≈...≈≈≈....


You could see a dart slug and a goblin.

Vanquished Creatures
  Terence (D:2)
  2 adders
  A worm (D:2)
  A dart slug (D:1)
  2 leopard geckos (D:1)
  3 orcs (D:3)
  4 bats
  3 giant cockroaches
  6 goblins
  2 hobgoblins
  7 jackals (D:1)
  4 frilled lizards
  8 kobolds
  5 rats
  A spectral orc (D:2)
50 creatures vanquished.

Vanquished Creatures (collateral kills)
  A goblin (D:1)
1 creature vanquished.

Vanquished Creatures (others)
  48 foxfires (D:1)
48 creatures vanquished.

Grand Total: 99 creatures vanquished

Notes
Turn   | Place    | Note
-------+----------+-------------------------------------------
     0 | D:1      | Ethylacetat the Octopode Fire Elementalist began the quest
                  | for the Orb.
     0 | D:1      | Reached XP level 1. HP: 11/11 MP: 3/3
   490 | D:1      | Reached XP level 2. HP: 17/17 MP: 0/5
  1064 | D:1      | Reached XP level 3. HP: 21/21 MP: 0/6
  1925 | D:2      | Noticed Terence
  1935 | D:2      | Killed Terence
  1935 | D:2      | Reached XP level 4. HP: 25/27 MP: 7/7
  2118 | D:2      | Found a basalt altar of Yredelemnul.
  2870 | D:3      | Reached skill level 4 in Fire Magic
  3117 | D:3      | Found a faded altar of an unknown god.
  3136 | D:3      | Killed from afar by a dart slug

Illustrated notes

Levels and vault maps discovered:
D:1:      matt_arrival_spirals, layout_basic
D:2:      layout_loops_ring, yredelemnul_forgotten_temple_becter, uniq_terence
D:3:      layout_loops_ring, chequers_ecumenical_altar_island, first_ration

Skill      XL: |  1  2  3  4 |
---------------+-------------+-----
Conjurations   | 2 |  2.8
Fire Magic     | 4 |  4.0
Dodging        | |  2.0
Stealth        | |  2.6
Spellcasting   | |  2.7

Action                   |  1- 3 |  4- 6 || total
-------------------------+-------+-------++-------
Melee: Unarmed           |    28 |       ||    28
       Constrict         |    12 |     8 ||    20
       Tentacles         |     6 |     4 ||    10
       Short sword       |    25 |    33 ||    58
 Cast: Foxfire           |    41 |       ||    41
  Use: Potion            |       |     2 ||     2
 Stab: Sleeping          |     4 |     5 ||     9
  Eat: Chunk             |     4 |     3 ||     7
Armor: Skin              |     2 |     1 ||     3
Dodge: Dodged            |    40 |    22 ||    62
